 Dungeon Crawl Stone Soup version 0.28.0-45-g0d030f2227 (webtiles) character file.

Game seed: 2568922425160569101

248 GigaChad the Covered (level 5, -4/47 HPs)
             Began as a Minotaur Fighter on Apr 14, 2022.
             Was a Plaything of Xom.
             Slain by an orc
             ... wielding a +0 trident
              (6 damage)
             ... on level 3 of the Dungeon.
             The game lasted 00:06:09 (1874 turns).

GigaChad the Covered (Minotaur Fighter)             Turns: 1874, Time: 00:06:09

Health: -4/47      AC:  9    Str: 20    XL:     5   Next: 86%
Magic:  4/4        EV:  9    Int:  5    God:    Xom [...*..]
Gold:   76         SH:  5    Dex: 12    Spells: 4/4 levels left

rFire   . . .      SeeInvis .   a - +0 long sword
rCold   . . .      Faith    .   c - +0 buckler
rNeg    . . .      Spirit   .   b - +0 scale mail
rPois   .          Reflect  .   (helmet restricted)
rElec   .          Harm     .   (no cloak)
rCorr   .          Rampage  .   (no gloves)
Will    .....                   (no boots)
Stlth   ..........              (no amulet)
HPRegen 0.15/turn               (no ring)
MPRegen 0.09/turn               (no ring)

@: about to teleport
A: horns 2, retaliatory headbutt, iridescent scales 1, wild magic 1
a: Renounce Religion


You were on level 3 of the Dungeon.
You worshipped Xom.
You were a favourite toy of Xom.
You visited 1 branch of the dungeon, and saw 3 of its levels.

You collected 76 gold pieces.

Inventory:

Hand Weapons
 a - a +0 long sword (weapon)
 e - the +11 hunting sling "Ejoilodabo" {freeze, rF+ Int-5 Dex+4}
   (You found it on level 3 of the Dungeon)

   Any ammunition fired from it freezes those it strikes, dealing additional
   cold damage.
   It can also slow down cold-blooded creatures.
   Int:       It affects your intelligence (-5).
   Dex:       It affects your dexterity (+4).
   rF:        It protects you from fire.
 k - a +2 dagger of venom
Missiles
 h - 30 arrows
Armour
 b - a +0 scale mail (worn)
 c - a +0 buckler (worn)
 l - a +1 robe of the Archmagi
Jewellery
 j - a ring of protection from cold
Scrolls
 i - a scroll of noise
 o - a scroll of identify
Potions
 d - a potion of might
 f - a potion of lignification
 g - a potion of heal wounds {unknown}
 m - 2 potions of haste


   Skills:
 + Level 4.6 Fighting
 + Level 4.9 Long Blades
 + Level 4.9 Armour
 + Level 1.5 Dodging
 + Level 4.4 Shields


You had 4 spell levels left.
You didn't know any spells.
Your spell library contained the following spells:

 Spells                   Type           Power      Damage    Failure   Level
 Shock                    Conj/Air       0%         1d3       92%         1
 Swiftness                Air            0%         N/A       100%        3
 Airstrike                Air            0%         N/A       100%        4


Dungeon Overview and Level Annotations

Branches:
Dungeon (3/15)

Altars:
Xom


Innate Abilities, Weirdness & Mutations

You have a pair of horns on your head.
You reflexively headbutt those who attack you in melee.
You are partially covered in iridescent scales. (AC +2)
Your spells are a little harder to cast, but a little more powerful.


Message History

The orc is almost dead.
You block the orc's attack.
The orc priest begins to cast a cantrip, but forgets the words!
You block the orc's attack.
The orc priest hits you but does no damage.
You block the orc's attack.
You closely miss the orc. The orc hits you but does no damage.
The orc priest barely misses you. The orc hits you but does no damage.
The orc hits you with a +0 dagger. The orc priest hits you with a +0 mace.
* * * LOW HITPOINT WARNING * * *
You closely miss the orc. You headbutt the orc.
The orc is moderately wounded.
The orc hits you from afar with a +0 trident!
* * * LOW HITPOINT WARNING * * *
The orc priest closely misses you. You block the orc's attack.
The orc priest hits you but does no damage.
The orc hits you with a +0 dagger.
* * * LOW HITPOINT WARNING * * *
You closely miss the orc.
The orc is moderately wounded.
You block the orc's attack. The orc priest closely misses you.
You furiously retaliate!
You headbutt the orc priest. The orc closely misses you.
You furiously retaliate!
You headbutt the orc.
You kill the orc!
The orc priest calls upon Beogh to heal the orc priest.
The orc priest's wounds heal themselves!
The orc hits you with a +0 dagger.
* * * LOW HITPOINT WARNING * * *
As you read the scroll labelled RAUMMUSIOR, it crumbles to dust.
You feel strangely unstable.
It was a scroll of teleportation.
The orc closely misses you.
The orc priest hits you but does no damage.
The orc hits you with a +0 dagger.
* * * LOW HITPOINT WARNING * * *
The orc priest miscasts a cantrip.
You closely miss the orc priest. Your headbutt misses the orc priest.
The orc priest is moderately wounded.
The orc hits you from afar with a +0 trident.
You die...
Xom bursts into laughter!

#.. ###.# #...### #.....
### #...# #..
#######..#######.#
#..)....<.....##.#
#.#####....##.##o#####.#
#.# #.##.....o@)oyo).#
#.## #.##..#.##o#####.#
...####.##.<#.##.#
........##..#.##)#
<..#######..#.##.# #.##
#..#.##.# #.# #..#....#
#.# #..#.####
#.########..#†#


You could see a killer bee, 3 orc priests and 2 orcs.

Vanquished Creatures
  A water moccasin zombie (D:3)
  Terence (D:2)
  Natasha (thrice) (D:2)
  4 adders (D:2)
  A worm (D:2)
  A dart slug (D:2)
  4 orcs (D:3)
  7 ball pythons
  4 bats
  3 endoplasms
  2 giant cockroaches
  3 goblins
  5 hobgoblins (D:2)
  4 jackals (D:1)
  2 kobolds
  2 quokkas
  2 frilled lizards
  A rat (D:2)
50 creatures vanquished.

Notes
Turn   | Place    | Note
-------+----------+-------------------------------------------
     0 | D:1      | GigaChad the Minotaur Fighter began the quest for the Orb.
     0 | D:1      | Reached XP level 1. HP: 19/19 MP: 0/0
    88 | D:1      | Reached XP level 2. HP: 22/27 MP: 1/1
   173 | D:1      | Found a faded altar of an unknown god.
   186 | D:1      | Prayed at the altar of an unknown god.
   186 | D:1      | Became a worshipper of Xom of Many Doors
   277 | D:1      | XOM: potion effect (invisibility)
   665 | D:2      | XOM: divination: detect items
   760 | D:2      | Noticed Terence
   770 | D:2      | Killed Terence
   771 | D:2      | Reached XP level 3. HP: 26/33 MP: 2/2
   967 | D:2      | Reached XP level 4. HP: 33/40 MP: 3/3
  1323 | D:2      | XOM: god gift: glowing robe {god gift}
  1344 | D:2      | Noticed Natasha
  1354 | D:2      | Killed Natasha
  1355 | D:2      | Reached skill level 1 in Dodging
  1375 | D:2      | Noticed Natasha
  1381 | D:2      | Killed Natasha
  1382 | D:2      | Reached XP level 5. HP: 43/47 MP: 4/4
  1445 | D:2      | Noticed Natasha
  1499 | D:2      | XOM: confuse monster(s)
  1504 | D:2      | Killed Natasha
  1505 | D:2      | XOM: cloud trail
  1562 | D:3      | Identified the +11 hunting sling "Ejoilodabo" {freeze, rF+
                  | Int-5 Dex+4}
  1657 | D:3      | XOM: enchant monster (bad)
  1717 | D:3      | XOM: give mutations
  1717 | D:3      | Gained mutation: You are partially covered in iridescent
                  | scales. (AC +2) [Xom's grace]
  1717 | D:3      | Gained mutation: Your spells are a little harder to cast,
                  | but a little more powerful. [Xom's grace]
  1867 | D:3      | XOM: polymorph orc -> killer bee
  1873 | D:3      | HP: 2/47 [orc/+0 dagger (1)]
  1874 | D:3      | Slain by an orc

Illustrated notes

Levels and vault maps discovered:
D:1:      erik_arrival_blinker_ship, layout_basic,
          hellmonk_ecumenical_altar_zigzags
D:2:      layout_basic, grunt_ministairs_7, interstate_on_off, uniq_natasha,
          uniq_terence
D:3:      layout_loops_ring, nicolae_gozag_cash_rules_everything_around_me,
          mainiacjoe_overflow_alcove_2

Skill      XL: |  1  2  3  4 |
---------------+-------------+-----
Armour         | 4 |  4.9
Fighting       | 4 |  4.6
Shields        | 4 |  4.4
Long Blades    | 3 4 |  4.9
Dodging        | 1 |  1.5

Action                   |  1- 3 |  4- 6 || total
-------------------------+-------+-------++-------
Melee: Long sword        |    43 |    72 ||   115
       Headbutt          |     6 |     8 ||    14
  Use: Scroll            |       |     3 ||     3
Armor: Scale mail        |    38 |    34 ||    72
Dodge: Dodged            |    30 |    47 ||    77
Block: Buckler           |    16 |    21 ||    37
